← All builds
Geo sea / Cortex / Economy first / OBSERVED BUILD

Standard geo sea

Cortex Geo sea build order · Supreme Isthmus

The role's default economy-first play: bot lab then shipyard in the cove, quick frigate/submarine/destroyer navy to contest sea and hold the coast, transitioning into whatever the sea fight needs.

Usually shipyard in the cove (98%)

#naval #eco · 976 distinct matches · 100 players · 83% of Cortex Geo sea games · team won 52% of 1095 · Recently observed

HOW TO PLAY IT

Key timing: Shipyard by 3:18

  1. Open 3 mex, wind and solar, then Bot Lab.
  2. Get a BP and costal torpedo launcher up before the Shipyard.
  3. Put up Shipyard once you can defend it.
  4. Push out "submarine" and "frigate" to contest the sea.
  5. Add geothermal to fund the fleet transition into "destroyer", "missile corvette".

Phase by phase

TYPICAL OF ITS 976 GAMES
  1. 1
  2. 2
  3. 3
  4. 4
PLAY THE OPENING

Follow the example game's first 6:00 step by step: what to build now, what comes next, and where it goes. At 1× it keeps pace with your own game.

  1. 1

    Up to the Bot Lab

    Economy
    • Metal Extractor3Mex
    • Wind Turbine3Wind
    Order
    1. Bot LabBot Lab after 3 mex, 3 winddone ~1:12, middle half 1:06–1:26

    Some games also: wind for allies (49%)

    By 0:55 in all: 3 mex · 3 wind

    The example game in this phase · 4 steps
    1. Mex ×3
    2. Wind ×2for Air
    3. Wind
    4. Bot LabBot Labdone 1:06 · typical 1:12
  2. 2

    Bot Lab to Shipyard

    Economy
    • Metal Extractor1Mex
    • Wind Turbine2Wind
    Order
    1. ShipyardShipyard after 4 mex, 5 wind, 1 energy storagedone ~3:17, middle half 3:02–3:33
    Builders
    • Construction Bot3 Con bot
    • Graverobber2 Graverobber
    Army
    • Grunt1 Grunt

    Some games also: con turret (46%) · trasher (39%) · energy storage (34%) · wind for allies (32%)

    By 2:51 in all: 4 mex · 5 wind

    The example game in this phase · 11 steps
    1. Wind
    2. Construction BotCon bot
    3. Solar
    4. Construction BotCon botfor Geo
    5. Wind ×2
    6. GraverobberGraverobber
    7. Mex
    8. GraverobberGraverobber
    9. Construction BotCon bot ×2
    10. GruntGrunt
    11. ShipyardShipyarddone 3:09 · typical 3:17
  3. 3

    Shipyard to 5:00

    Economy
    • Metal Extractor4Mex
    Builders
    • Construction Ship1 Con ship
    Army
    • Riptide2 Frigate
    • Orca1 Submarine
    Other
    • Radar Tower1 Radar Tower

    Some games also: Guard (49%) · wind (48%) · missile corvette (48%) · destroyer (46%) · gunboat (40%)

    By 5:00 in all: 8 mex · 6 wind · 1 energy storage · 1 con turret

    The example game in this phase · 20 steps
    1. GruntGrunt
    2. ThistleThistle
    3. SupporterGunboat
    4. ThistleThistle
    5. SupporterGunboat
    6. Construction BotCon bot
    7. SupporterGunboat
    8. Mex
    9. SupporterGunboat
    10. Wind
    11. SupporterGunboat
    12. Construction ShipCon ship
    13. Energy storage
    14. Mex
    15. GuardGuard
    16. Mex
    17. RiptideFrigatedone 4:57 · typical 4:35
    18. Mex
    19. GuardGuard
    20. RiptideFrigate
  4. 4

    5:00 to 10:00

    Economy
    • Metal Extractor2Mex
    • Wind Turbine8Wind
    • Energy Converter1Converter
    Builders
    • Construction Turret1 Con turret
    • Death Cavalry2 Death Cavalry
    • Construction Ship1 Con ship
    Army
    • Guard2 Guard
    • Riptide5 Frigate
    • Oppressor2 Destroyer
    Other
    • Naval Radar / Sonar Tower2 Naval Radar / Sonar Tower

    Some games also: geo (47%) · Thistle (40%) · submarine (34%)

    By 10:00 in all: 10 mex · 15 wind · 1 geo · 4 converter · 1 energy storage · 2 con turret

    The example game in this phase · 86 steps
    1. Naval Radar / Sonar TowerNaval Radar / Sonar Tower
    2. Wind
    3. Radar TowerRadar Tower
    4. HerringMissile corvette
    5. RiptideFrigate
    6. Wind
    7. RiptideFrigate
    8. OppressorDestroyerdone 6:36 · typical 5:52
    9. Radar TowerRadar Tower
    10. HerringMissile corvette
    11. Construction ShipCon ship
    12. Geothermal PowerplantGeodone 8:24 · typical 7:59
    13. SupporterGunboat ×7
    14. Construction ShipCon ship
    15. Con turret
    16. Death CavalryDeath Cavalry
    17. Mex
    18. ThistleThistle
    19. Advanced Metal ExtractorT2 mexdone 9:53 · typical 9:22
    20. RiptideFrigate
    21. Naval Radar / Sonar TowerNaval Radar / Sonar Tower
    22. RiptideFrigate
    23. Mex
    24. RiptideFrigate ×2
    25. Dragon's TeethDragon's Teeth
    26. Converter
    27. Naval Radar / Sonar TowerNaval Radar / Sonar Tower
    28. Dragon's TeethDragon's Teeth ×3
    29. OppressorDestroyer
    30. Dragon's TeethDragon's Teeth
    31. Converter
    32. Dragon's TeethDragon's Teeth ×5
    33. Advanced Metal ExtractorT2 mex
    34. Dragon's TeethDragon's Teeth ×2
    35. Mex
    36. Dragon's TeethDragon's Teeth ×2
    37. Converter
    38. Dragon's TeethDragon's Teeth ×3
    39. HerringMissile corvette
    40. Dragon's TeethDragon's Teeth
    41. Naval Radar / Sonar TowerNaval Radar / Sonar Tower
    42. Converter
    43. Dragon's TeethDragon's Teeth ×3
    44. Converter
    45. Dragon's TeethDragon's Teeth
    46. Death CavalryDeath Cavalry
    47. Dragon's TeethDragon's Teeth ×2
    48. Converter
    49. Dragon's TeethDragon's Teeth
    50. Advanced Metal ExtractorT2 mex
    51. Dragon's TeethDragon's Teeth ×3
    52. RiptideFrigate
    53. Con turret
    54. Dragon's TeethDragon's Teeth ×2
    55. Naval Radar / Sonar TowerNaval Radar / Sonar Tower
    56. Dragon's TeethDragon's Teeth ×4
    57. Con turret
    58. RiptideFrigate
    59. Dragon's TeethDragon's Teeth
    60. Advanced Metal ExtractorT2 mex
    61. Dragon's TeethDragon's Teeth ×3
    62. RiptideFrigate
    63. Dragon's TeethDragon's Teeth ×3
    64. RiptideFrigate
    65. Dragon's TeethDragon's Teeth ×2
    66. OppressorDestroyer
    67. GuardGuard
    68. Naval Radar / Sonar TowerNaval Radar / Sonar Tower
    69. HerringMissile corvette
    70. Death CavalryDeath Cavalry
    71. RiptideFrigate
    72. GuardGuard
    73. RiptideFrigate ×2
    74. HerringMissile corvette ×2
    75. Advanced Geothermal PowerplantAdvanced Geothermal Powerplantnot finished by 15:00
    76. HerringMissile corvette
    77. RiptideFrigate
    78. GuardGuard
    79. Naval Radar / Sonar TowerNaval Radar / Sonar Tower
    80. HerringMissile corvette ×2
    81. Naval Radar / Sonar TowerNaval Radar / Sonar Tower
    82. HerringMissile corvette
    83. OppressorDestroyer
    84. GuardGuard
    85. Naval Radar / Sonar TowerNaval Radar / Sonar Tower
    86. HerringMissile corvette ×2

Counts are medians over the build's games: half of them build more, half fewer. The example game is thermite's (36 OS, 21/09/2026); pick another.

Team trades

IN AT LEAST 30% OF ITS GAMES

You hand over

  • Wind Turbine2 Wind to Airfirst at 1:48 · in 72% of games

You get

  • Finch1 Finch from Airfirst at 1:51 · in 83% of games
  • Hercules1 Light transport from Airfirst at 2:00 · in 75% of games
  • Advanced Construction Bot1 T2 con bot from Techfirst at 7:44 · in 89% of games

How it plays out

Typical game of this build, running totals by minute

Metal produced

010k20k30k
0:005:0010:0015:00

metal

Enemy metal destroyed

05k10k
0:005:0010:0015:00

metal

Own metal lost

02.5k5k7.5k
0:005:0010:0015:00

metal

1095 games.

Show as table
ByMetal produced: This buildEnemy metal destroyed: This buildOwn metal lost: This build
1:0039700
2:0092800
3:00156700
4:002900051
5:00410813052
6:005463440241
7:006945930551
8:0086091570904
9:001049124521351
10:001261236252061
11:001521948812901
12:001812163983761
13:002141473934451
14:002501686485371
15:002879197536300
WHAT THE NUMBERS SAY

Standard Cortex geo sea sits at an even 50% win rate, trading a slower start for a big resource lead by 15:00.

  • + Metal produced hits 28451 by 15:00, well above both front roles
  • + Own metal lost stays far below enemy metal destroyed at every checkpoint
  • − Only 50% team win rate, the lowest of these six builds
  • − T2 factory only completes in 40% of games by 12:53
THE EXAMPLE YOU ARE READING

thermite

35.9 OS · 21/09/2026

Open source match ↗

6 received units · includes a constructor
294 metal received · 25664 energy received

Allied construction assistance is unknown. Timings are observations, not a promise of solo reproducibility.

Typical milestones

Bot Lab1:12Middle 50%: 1:06–1:26 · n=1084
Shipyard3:17Middle 50%: 3:02–3:33 · n=1089
Orca4:19Middle 50%: 3:54–5:00 · n=754
Riptide4:35Middle 50%: 4:08–5:20 · n=1063
Oppressor5:52Middle 50%: 5:08–6:35 · n=991
Geothermal Powerplant7:59Middle 50%: 7:01–9:00 · n=654
Advanced Metal Extractor9:22Middle 50%: 8:45–10:10 · n=940

Played most by

sirniho122games of this buildSHOGVN92games of this buildOptimusprimenutt84games of this buildPRO_Rerory47games of this buildhihimik41games of this build